 Dungeon Crawl Stone Soup version 0.31-a0-263-ge8cad7f256 (webtiles) character file.

Game seed: 8540626848141313837

172 qw the Shooter (level 5, -1/45 HPs)
             Began as a Minotaur Hexslinger on July 13, 2023.
             Was an Initiate of Okawaru.
             Slain by a sleepcap (11 damage)
             ... on level 3 of the Dungeon.
             The game lasted 00:00:49 (2828 turns).

qw the Shooter (Minotaur Hexslinger)                Turns: 2828, Time: 00:00:50

Health: -1/45      AC:  5    Str: 12    XL:     5   Next: 27%
Magic:  5/5        EV:  2    Int: 10    God:    Okawaru [......]
Gold:   133        SH:  0    Dex: 15    Spells: 5/6 levels left

rFire   . . .        Y - +1 sling
rCold   . . .        (no shield)
rNeg    . . .        f - +0 ring mail
rPois   .            (helmet restricted)
rElec   .            (no cloak)
rCorr   .            (no gloves)
SInv    .            (no boots)
Will    .....        (no amulet)
Stlth   +            (no ring)
HPRegen 0.27/turn    (no ring)
MPRegen 0.09/turn

%: no passive effects
@: sleeping
A: horns 2, retaliatory headbutt
a: Renounce Religion


You were on level 3 of the Dungeon.
You worshipped Okawaru.
Okawaru was noncommittal.
You visited 1 branch of the dungeon, and saw 4 of its levels.

You collected 133 gold pieces.


Innate Abilities, Weirdness & Mutations

You have a pair of horns on your head.
You reflexively headbutt those who attack you in melee.


   Skills:
 - Level 3.1 Fighting
 + Level 5.2 Ranged Weapons
 - Level 1.3 Armour
 - Level 2.1 Dodging
 - Level 1.0 Spellcasting
 - Level 2.0 Hexes


You had 5 spell levels left.
You knew the following spells:

 Your Spells              Type           Power      Damage    Failure   Level
a - Slow                  Hex            16%        N/A       32%         1

Your spell library contained the following spells:

 Spells                   Type           Power      Damage    Failure   Level
 Inner Flame              Hex/Fire       2%         N/A       83%         3
 Portal Projectile        Hex/Tloc       4%         N/A       83%         3
 Cause Fear               Hex            2%         N/A       97%         4

Inventory:

Hand Weapons
 Y - a +1 sling (weapon)
Armour
 f - a +0 ring mail (worn)
Scrolls
 g - a scroll of identify
Potions
 a - a potion of magic {unknown}
 b - a potion of mutation {unknown}
 c - a potion of attraction {unknown}
 d - a potion of degeneration {unknown}
 h - a potion of might
 i - a potion of curing {unknown}

Dungeon Overview and Level Annotations

Branches:
Dungeon (4/15)
 Temple: D:4-7

Altars:
Hepliaklqana
Okawaru
Ru
Sif Muna


Message History

The orc completely misses you. The sleepcap barely misses you.
You furiously retaliate!
You headbutt the sleepcap.
You climb upwards.
There is a stone staircase leading down here.
Enter note:
Enter note:
Enter note:
Enter note:
Enter note:
Enter note:
Enter note:
Enter note:
Enter note:
Enter note:
Enter note:
Enter note: You shoot a sling bullet.
The sling bullet hits the orc.
The orc is almost dead.
The sleepcap barely misses you. The orc barely misses you.
You shoot a sling bullet. The sling bullet barely misses the orc.
The sleepcap closely misses you. The orc closely misses you.
The sleepcap closely misses you. The orc hits you but does no damage.
You shoot a sling bullet. The sling bullet hits the orc.
You kill the orc!
Okawaru accepts your kill. The sleepcap releases spores at you.
You shoot a sling bullet. The sling bullet hits the sleepcap.
The sleepcap is moderately damaged.
The sleepcap barely misses you.
You shoot a sling bullet. The sling bullet hits the sleepcap.
The sleepcap is moderately damaged.
The sleepcap releases spores at you.
You shoot a sling bullet.
The sling bullet hits the sleepcap but does no damage.
The sleepcap is moderately damaged.
The sleepcap barely misses you. The sleepcap releases spores at you.
You are engulfed in a cloud of soporific spores!
You fall asleep.
The sleepcap releases spores at you!
You die...

############........### #...%.
#...................# #.#.##
#...................#####.#.#
#.........................#.#
#...................##.####.#
#############.#.##.....# #.#
#.#.##.##### #.# ########
#.f....########.# #......#
#@).............#
#.####.##########.#####...#####
#.# #.#..........#######.###
#.# #.#.########.#######...##
#.# ##.#.# #####.#########..###
#.# #..#.# #####.##########...#
#.# #.##.#
#####...........###.# #.#
#.##.###.###...........# #..
#.# #.##.#...###...........#
###


You could see a sleepcap.

Vanquished Creatures
  A phantom (D:3)
  An orc wizard (D:3)
  2 adders (D:3)
  2 dart slugs
  3 orcs (D:3)
  4 ball pythons
  3 bats
  6 endoplasms
  2 giant cockroaches
  7 hobgoblins
  6 kobolds
  2 quokkas (D:1)
  A frilled lizard (D:3)
  2 goblins (D:1)
  4 rats
46 creatures vanquished.

Notes
Turn   | Place    | Note
-------+----------+-------------------------------------------
     0 | D:1      | qw the Minotaur Hexslinger began the quest for the Orb.
     0 | D:1      | Reached XP level 1. HP: 16/16 MP: 1/1
     0 | D:1      | 0 ||| qw: Version: 0.3-a-52-g30416fa
     0 | D:1      | 0 ||| qw: Game counter: 7313
     0 | D:1      | 0 ||| qw: Melee chars always use a shield: true
     0 | D:1      | 0 ||| qw: God list: Okawaru
     0 | D:1      | 0 ||| qw: Allow faded altars: false
     0 | D:1      | 0 ||| qw: Do Orc after clearing Dungeon:15 true
     0 | D:1      | 0 ||| qw: Do second Lair branch before Depths: true
     0 | D:1      | 0 ||| qw: Lair rune preference: random
     0 | D:1      | 0 ||| qw: Goals: Normal
     0 | D:1      | 0 ||| PLANNING D:1-11
    75 | D:1      | Reached skill level 3 in Ranged Weapons
    75 | D:1      | Reached XP level 2. HP: 17/23 MP: 2/2
   493 | D:1      | 493 ||| UPGRADING to +0 ring mail.
   503 | D:1      | 503 ||| DROPPING +0 robe.
   504 | D:1      | 504 ||| READING scroll labelled NEROLE ZANAME.
   548 | D:1      | 548 ||| DROPPING scroll of poison.
   626 | D:2      | Identified the +9 hand axe of the Lumpy Teeth {elec, +Blink
                  | rPois Str+6 Stlth-}
  1030 | D:2      | Found a sacrificial altar of Ru.
  1032 | D:2      | Reached XP level 3. HP: 29/29 MP: 3/3
  1134 | D:2      | HP: 7/29 [poisoned by a kobold]
  1420 | D:2      | 1420 ||| DROPPING +6 ring of intelligence.
  1421 | D:2      | 1421 ||| READING 2 scrolls labelled QUAKUWNEHA.
  1536 | D:3      | Noticed a phantom
  1548 | D:3      | HP: 4/29 [phantom (7)]
  1551 | D:3      | Killed a phantom
  1552 | D:3      | Reached skill level 5 in Ranged Weapons
  1552 | D:3      | Reached XP level 4. HP: 6/36 MP: 4/4
  1905 | D:3      | Reached skill level 1 in Armour
  1953 | D:3      | Reached XP level 5. HP: 38/41 MP: 5/5
  2161 | D:3      | Found a hazy altar of Hepliaklqana.
  2249 | D:3      | Found an iron altar of Okawaru.
  2250 | D:3      | 2250 ||| PLANNING OKAWARU WORSHIP
  2250 | D:3      | 2250 ||| DROPPING ring of flight.
  2251 | D:3      | 2251 ||| READING scroll labelled NOXTIX NUUWAAG.
  2252 | D:3      | 2252 ||| READING 2 scrolls labelled NIUKIKEANTEO.
  2253 | D:3      | 2253 ||| DRINKING 2 glowing white potions.
  2254 | D:3      | 2254 ||| DROPPING scroll of fear.
  2262 | D:3      | Became a worshipper of Warmaster Okawaru
  2263 | D:3      | 2263 ||| PLANNING D:1-11
  2353 | D:3      | Found a shimmering blue altar of Sif Muna.
  2390 | D:3      | HP: 9/42 [something (3)]
  2393 | D:3      | Reached skill level 3 in Fighting
  2800 | D:3      | 2800 ||| READING scroll labelled SEGUENO OGGIOP.
  2819 | D:4      | 2819 ||| STAIRDANCE
  2820 | D:4      | 2820 ||| STAIRDANCE
  2827 | D:3      | HP: 10/45 [sleepcap (4)]
  2828 | D:3      | Slain by a sleepcap

Levels and vault maps discovered:
D:1:      mushboom_english_gardens, layout_basic, item_on_display_a
D:2:      layout_basic, basic_altar
D:3:      layout_basic, lemuel_coloured_pillars_altar,
          nzn_hepliaklqana_mist_gate, kennysheep_orc_sif_temple,
          kennysheep_generic_room_15
D:4:      layout_cave_pods, nicolae_gozag_cash_rules_everything_around_me,
          minmay_misc_feat_ornament

Skill      XL: |  1  2  3  4  5 |
---------------+----------------+-----
Ranged Weapons | 3 5 |  5.2
Fighting       | 2 3 |  3.1
Armour         | 1 |  1.3
Dodging        | |  2.1
Spellcasting   | |  1.0
Hexes          | |  2.0

Action                     |  1- 3 |  4- 6 || total
---------------------------+-------+-------++-------
   Fire: Sling             |    96 |    92 ||   188
    Use: Scroll            |     2 |     3 ||     5
         Potion            |       |     1 ||     1
 Armour: Ring mail         |     5 |    20 ||    25
         Robe              |     1 |       ||     1
  Dodge: Dodged            |    16 |    41 ||    57

Table legend:
 A = Non-vault XP
 B = Vault XP
 C = Vault XP percentage of total XP
 D = Non-vault monster count
 E = Vault monster count
 F = Vault count percentage of total count
                 A         B        C        D         E       F
            +---------+---------+-------+---------+---------+-------
      Total |     208 |      39 |  15.8 |      43 |       3 |   6.5
            +---------+---------+-------+---------+---------+-------
        D:1 |      31 |       0 |   0.0 |      16 |       0 |   0.0
        D:2 |      14 |       0 |   0.0 |       9 |       0 |   0.0
        D:3 |     163 |      39 |  19.3 |      18 |       3 |  14.3
            +---------+---------+-------+---------+---------+-------
